 Dungeon Crawl Stone Soup version 0.30.1-4-g462c640d31 (webtiles) character file.

Game seed: 16475415432238700006

20010 Wiggles the Severer (level 12, -2/110 HPs)
             Began as a Minotaur Berserker on Aug 29, 2023.
             Was an Elder of Trog.
             Slain by a 12-headed hydra (6 damage)
             ... on level 1 of the Lair of Beasts.
             The game lasted 00:18:56 (8876 turns).

Wiggles the Severer (Minotaur Berserker)            Turns: 8876, Time: 00:18:57

Health: -2/110     AC: 25    Str: 27    XL:     12   Next: 41%
Magic:  11/11      EV: 12    Int:  4    God:    Trog [****..]
Gold:   792        SH:  0    Dex: 16    Spells: 11/11 levels left

rFire   . . .        f - +3 battleaxe (venom)
rCold   + . .        (shield currently unavailable)
rNeg    . . .        B - +4 chain mail {rC+}
rPois   +            o - +2 hat
rElec   .            E - +0 cloak
rCorr   .            n - +2 pair of gloves
SInv    .            O - +0 pair of boots
Will    .....        C - amulet of regeneration Stlth
                     c - +6 ring of dexterity
HPRegen 1.18/turn    D - ring of poison resistance
MPRegen 0.12/turn

%: no passive effects
@: no status effects
A: horns 2, retaliatory headbutt
a: Renounce Religion, Berserk, Trog's Hand, Brothers in Arms


You were on level 1 of the Lair of Beasts.
You worshipped Trog.
Trog was greatly pleased with you.
You visited 3 branches of the dungeon, and saw 14 of its levels.

You collected 792 gold pieces.

Inventory:

Hand Weapons
 f - a +3 battleaxe of venom (weapon)
Armour
 d - a +3 scale mail of fire resistance
 n - a +2 pair of gloves (worn)
 o - a +2 hat (worn)
 B - a +4 chain mail of cold resistance (worn)
 E - a +0 cloak (worn)
 O - a +0 pair of boots (worn)
Jewellery
 c - a +6 ring of dexterity (left hand)
 C - an amulet of regeneration (around neck)
 D - a ring of poison resistance (right hand)
 H - an amulet of magic regeneration
 K - a ring of flight
Wands
 h - a wand of paralysis (1)
 y - a wand of acid (2)
 z - a wand of iceblast (5)
 A - a wand of mindburst (27)
 F - a wand of polymorph (8)
 I - a wand of flame (18)
Scrolls
 b - 3 scrolls of immolation
 j - 2 scrolls of fear
 t - 9 scrolls of teleportation
 u - 2 scrolls of brand weapon
 v - a scroll of vulnerability
 N - 2 scrolls of silence
 P - a scroll of magic mapping
Potions
 a - a potion of experience {unknown}
 e - 4 potions of might
 g - 2 potions of invisibility
 i - 2 potions of berserk rage
 l - 3 potions of cancellation
 m - 4 potions of attraction
 q - 3 potions of brilliance {unknown}
 r - 6 potions of curing
 s - 5 potions of flight
 w - 4 potions of haste
 x - 3 potions of degeneration {unknown}
 G - 3 potions of heal wounds {unknown}
 J - a potion of ambrosia {unknown}
 L - 3 potions of mutation
 M - 3 potions of lignification {unknown}


   Skills:
 + Level 11.4 Fighting
 + Level 16.7 Axes
 + Level 12.0 Armour
 + Level 6.0 Dodging
 + Level 2.1 Stealth
 + Level 3.9 Shields
 + Level 3.0 Unarmed Combat
 + Level 1.6 Evocations


You had 11 spell levels left.
You didn't know any spells.
Your spell library was empty.

Dungeon Overview and Level Annotations

Branches:
Dungeon (12/15)            Temple (1/1) D:6            Lair (1/5) D:8
    Orc (0/2) D:11

Altars:
Ashenzari
Dithmenos
Makhleb
Sif Muna
Trog
Zin

Shops:
D:4 (

Annotations:
D:12 3 runed translucent doors, spardeous's ghost, journeyman DgCj


Innate Abilities, Weirdness & Mutations

You have a pair of horns on your head.
You reflexively headbutt those who attack you in melee.


Message History

The ten-headed hydra bites you.
The ten-headed hydra bites you but does no damage.
The ten-headed hydra misses you.
The ten-headed hydra bites you but does no damage.
The ten-headed hydra bites you. The ten-headed hydra bites you!
The ten-headed hydra closely misses you.
The ten-headed hydra bites you but does no damage. x6
The ten-headed hydra barely misses you.
You see here a hydra corpse.
You slice one of the ten-headed hydra's heads off!
The nine-headed hydra grows two more!
You slice the 11-headed hydra!!
The 11-headed hydra is heavily wounded.
The 11-headed hydra barely misses you. You furiously retaliate!
You headbutt the 11-headed hydra.
The 11-headed hydra bites you but does no damage.
The 11-headed hydra barely misses you. The 11-headed hydra bites you.
The 11-headed hydra bites you but does no damage. x2
The 11-headed hydra bites you.
The 11-headed hydra completely misses you.
The 11-headed hydra bites you.
* * * LOW HITPOINT WARNING * * *
The 11-headed hydra bites you but does no damage. x2
You chop one of the 11-headed hydra's heads off!
The ten-headed hydra grows two more!
You slash the 12-headed hydra!
Your headbutt misses the 12-headed hydra.
The 12-headed hydra is severely wounded.
The 12-headed hydra bites you but does no damage.
The 12-headed hydra bites you!
* * * LOW HITPOINT WARNING * * *
The 12-headed hydra barely misses you.
The 12-headed hydra bites you but does no damage.
The 12-headed hydra bites you!
* * * LOW HITPOINT WARNING * * *
The 12-headed hydra closely misses you. The 12-headed hydra bites you!
* * * LOW HITPOINT WARNING * * *
The 12-headed hydra misses you. The 12-headed hydra bites you.
* * * LOW HITPOINT WARNING * * *
The 12-headed hydra bites you but does no damage. x2
The 12-headed hydra bites you.
You die...

.... ##..#...####.
.P#.## #....### ##
..#.# ###.## #
....###### #..
....P#.P# #..
##......##### ##
#.#....##.######## #P
##P$.............# ##
#...@..P########.###.
..P....D#### ##.....
P♣P(...P# ##.#.#..
#P#....P #.#....# P.
##...# ######...##. #
##### ##...........
#.....#####.# #######
###


You could see a 12-headed hydra.

Vanquished Creatures
  Fannar (D:12)
  A hydra (Lair:1)
  2 boulder beetles
  4 two-headed ogres
  Urug (D:11)
  2 glowing orange brains (D:12)
  A cyclops (D:12)
  6 ugly things
  Joseph (D:7)
  Maggie (D:10)
  2 unseen horrors
  Psyche (D:10)
  A troll (D:11)
  A hornet (D:11)
  4 slime creatures (D:12)
  A shadow (D:12)
  3 wraiths
  A basilisk (D:10)
  2 wyverns
  13 yaks
  A steam dragon (D:7)
  A water moccasin (D:7)
  3 orc warriors
  A sky beast (D:8)
  An ice beast (D:6)
  2 black bears
  An ogre (D:11)
  3 centaurs
  2 phantoms (D:5)
  4 kobold brigands
  2 gnoll sergeants (D:11)
  4 bullfrogs
  A scorpion (D:6)
  19 wights
  8 killer bees
  8 howler monkeys
  2 electric eels (D:7)
  A hound (D:5)
  2 jellies
  An orc priest (D:10)
  Ijyb (D:5)
  8 orc wizards
  6 gnolls
  3 adders (D:2)
  3 shadow imps (D:6)
  A white imp (D:5)
  An ufetubus (D:5)
  A worm (D:2)
  4 dart slugs
  A dart slug (shapeshifter) (D:12)
  17 orcs
  4 bats
  6 endoplasms
  2 giant cockroaches
  3 goblins
  6 hobgoblins
  6 quokkas
  6 ball pythons
  A frilled lizard (D:3)
  12 kobolds
  2 rats
210 creatures vanquished.

Vanquished Creatures (collateral kills)
  2 ugly things (D:12)
  A yaktaur (shapeshifter) (D:12)
  2 ogres (D:11)
  2 kobold brigands (D:11)
  A gnoll sergeant (D:11)
  3 gnolls (D:11)
  2 orcs (D:11)
13 creatures vanquished.

Grand Total: 223 creatures vanquished

Notes
Turn   | Place    | Note
-------+----------+-------------------------------------------
     0 | D:1      | Wiggles the Minotaur Berserker began the quest for the Orb.
     0 | D:1      | Reached XP level 1. HP: 19/19 MP: 0/0
   170 | D:1      | Reached XP level 2. HP: 24/27 MP: 1/1
   193 | D:1      | Reached skill level 4 in Axes
   788 | D:2      | Reached XP level 3. HP: 32/33 MP: 2/2
   894 | D:2      | Reached ** piety under Trog
  1132 | D:2      | Reached XP level 4. HP: 40/40 MP: 3/3
  1343 | D:3      | Reached skill level 5 in Axes
  1404 | D:3      | Found a shimmering blue altar of Sif Muna.
  1417 | D:3      | Reached XP level 5. HP: 33/47 MP: 4/4
  1689 | D:3      | Identified the +9 mace of Vootz {flame, rPois rF- Int-5
                  | Dex+8}
  2195 | D:4      | Found Acirig's Weapon Boutique.
  2643 | D:5      | Entered Level 5 of the Dungeon
  2738 | D:5      | Reached skill level 6 in Axes
  2753 | D:5      | Reached skill level 5 in Fighting
  2753 | D:5      | Reached XP level 6. HP: 54/56 MP: 5/5
  2892 | D:5      | Noticed Ijyb
  2900 | D:5      | Killed Ijyb
  2901 | D:5      | Reached skill level 5 in Armour
  3108 | D:5      | Found a bloodstained altar of Trog.
  3254 | D:5      | Reached skill level 7 in Axes
  3254 | D:5      | Reached XP level 7. HP: 61/61 MP: 6/6
  3370 | D:6      | Found a staircase to the Ecumenical Temple.
  3852 | D:6      | Reached *** piety under Trog
  3947 | D:6      | Found a burning altar of Makhleb.
  4013 | Temple   | Entered the Ecumenical Temple
  4035 | D:7      | Found a transporter.
  4072 | D:7      | Noticed Joseph
  4087 | D:7      | Killed Joseph
  4088 | D:7      | Reached skill level 8 in Axes
  4088 | D:7      | Reached skill level 1 in Shields
  4088 | D:7      | Reached skill level 1 in Unarmed Combat
  4088 | D:7      | Reached XP level 8. HP: 56/70 MP: 7/7
  4142 | D:7      | Found a transporter.
  4162 | D:7      | Reached skill level 9 in Axes
  4218 | D:7      | Reached XP level 9. HP: 41/78 MP: 8/8
  4223 | D:7      | Identified the +1 leather armour of Dame {+Blink}
  4688 | D:8      | Reached skill level 10 in Axes
  4837 | D:8      | Reached skill level 1 in Stealth
  4841 | D:8      | Reached skill level 1 in Evocations
  4846 | D:8      | Reached skill level 11 in Axes
  4868 | D:8      | Found a glowing silver altar of Zin.
  4937 | D:8      | Found a staircase to the Lair.
  4958 | D:8      | Reached **** piety under Trog
  5668 | D:9      | Reached XP level 10. HP: 88/88 MP: 9/9
  5850 | D:9      | Found a broken altar of Ashenzari.
  6338 | D:10     | Entered Level 10 of the Dungeon
  6338 | D:10     | Noticed Maggie
  6338 | D:10     | Noticed Psyche
  6349 | D:10     | Killed Maggie
  6350 | D:10     | Reached skill level 5 in Dodging
  6354 | D:10     | Reached skill level 12 in Axes
  6362 | D:10     | Killed Psyche
  6480 | D:10     | Noticed a two-headed ogre
  6486 | D:10     | Killed a two-headed ogre
  6501 | D:10     | Paralysed by an orc warrior for 3 turns
  6652 | D:10     | Reached skill level 13 in Axes
  6673 | D:10     | Identified the +3 mace of the Tiger {heavy, rElec rF+
                  | Stlth+}
  7087 | D:11     | Noticed a two-headed ogre
  7091 | D:11     | Noticed a two-headed ogre
  7094 | D:11     | Killed a two-headed ogre
  7094 | D:11     | Reached ***** piety under Trog
  7095 | D:11     | Reached skill level 10 in Armour
  7103 | D:11     | Killed a two-headed ogre
  7104 | D:11     | Reached XP level 11. HP: 46/97 MP: 10/10
  7300 | D:11     | Found a staircase to the Orcish Mines.
  7464 | D:11     | Noticed Urug
  7469 | D:11     | Killed Urug
  7470 | D:11     | Reached skill level 10 in Fighting
  7507 | D:11     | Reached skill level 14 in Axes
  7518 | D:11     | Noticed a boulder beetle
  7531 | D:11     | Killed a boulder beetle
  7689 | D:11     | Noticed a red ugly thing
  7697 | D:11     | Killed a red ugly thing
  7821 | D:12     | Found a runed translucent gate.
  7821 | D:12     | Found a runed translucent gate.
  7821 | D:12     | Found a runed translucent gate.
  7822 | D:12     | Noticed a glowing orange brain
  7822 | D:12     | Noticed a purple ugly thing
  7822 | D:12     | Noticed a brown ugly thing
  7822 | D:12     | Noticed a deep troll
  7822 | D:12     | a deep troll changed into a manticore
  7823 | D:12     | Noticed a boulder beetle
  7825 | D:12     | a cyclops changed into a skyshark
  7825 | D:12     | Noticed a skyshark (glowing shapeshifter)
  7828 | D:12     | Noticed a red ugly thing
  7830 | D:12     | Noticed a brown ugly thing
  7830 | D:12     | Noticed a purple ugly thing
  7832 | D:12     | a skyshark changed into a glowing orange brain
  7832 | D:12     | Noticed a glowing orange brain (glowing shapeshifter)
  7832 | D:12     | Killed a boulder beetle
  7837 | D:12     | Noticed a glowing orange brain
  7843 | D:12     | a glowing orange brain changed into a redback
  7844 | D:12     | Noticed a white ugly thing
  7861 | D:12     | Killed a white ugly thing
  7873 | D:12     | a culicivora changed into a swamp dragon
  7873 | D:12     | Noticed a swamp dragon (glowing shapeshifter)
  7875 | D:12     | a swamp dragon changed into a deep troll
  7875 | D:12     | Noticed a deep troll (glowing shapeshifter)
  7885 | D:12     | a deep troll changed into a sea snake
  7885 | D:12     | Noticed a sea snake (glowing shapeshifter)
  7891 | D:12     | a sea snake changed into a death drake
  7891 | D:12     | Noticed a death drake (glowing shapeshifter)
  7895 | D:12     | a death drake changed into a fire crab
  7895 | D:12     | Noticed a fire crab (glowing shapeshifter)
  7912 | D:12     | a fire crab changed into a dream sheep
  7951 | D:12     | Reached skill level 15 in Axes
  8059 | D:12     | Noticed a two-headed ogre
  8065 | D:12     | Killed a two-headed ogre
  8071 | D:12     | Noticed Fannar
  8080 | D:12     | Killed Fannar
  8081 | D:12     | Reached XP level 12. HP: 108/108 MP: 11/11
  8541 | D:12     | Reached skill level 16 in Axes
  8544 | D:12     | Noticed a boulder beetle
  8551 | D:12     | Found a runed translucent gate.
  8551 | D:12     | Found a runed translucent gate.
  8553 | D:12     | Found a runed translucent gate.
  8568 | D:12     | Noticed spardeous's ghost (journeyman DgCj)
  8573 | D:12     | Noticed a cacodemon
  8706 | Lair:1   | Entered Level 1 of the Lair of Beasts
  8863 | Lair:1   | Noticed a seven-headed hydra
  8865 | Lair:1   | Noticed a seven-headed hydra
  8873 | Lair:1   | Killed a 13-headed hydra
  8876 | Lair:1   | HP: 4/110 [12-headed hydra (2)]
  8876 | Lair:1   | Slain by a 12-headed hydra

Illustrated notes

Levels and vault maps discovered:
D:1:      minmay_arrival_doors, layout_basic, minmay_pentomino_q4
D:2:      layout_basic
D:3:      layout_basic, kennysheep_orc_sif_temple, st_stairs_2, minivault_23
D:4:      layout_gridville, serial_shops, shop
D:5:      layout_basic, bloody_trog, serial_bayou_pond_e, moated_statue,
          hex_tiny, uniq_ijyb
D:6:      layout_basic, lightli_temple_of_fire, minmay_temple_entry_offerings
D:7:      gammafunk_steamed_eel, layout_rooms, uniq_joseph
D:8:      layout_loops_corners, mainiacjoe_overflow_catwalk, lair_entry_dummy
D:9:      layout_irregular_city, old_standard_altar, st_stairs_7
D:10:     layout_cave_pools, hex_medium, minmay_increasing_density, uniq_maggie,
          uniq_psyche
D:11:     layout_long_grid, kennysheep_orc_monster_closet_entryway,
          minmay_misc_feat_x, uniq_urug
D:12:     nicolae_cairo_tiling_large, layout_gridville,
          ploomutoo_gammafunk_ghost_potion_laboratory, uniq_fannar
Temple:   nicolae_temple_bog_church
Lair:1:   layout_misc_corridors, nicolae_quartered_pool_medium,
          hellmonk_guarded_unrand_vines

Skill      XL: |  1  2  3  4  5  6  7  8  9 10 11 12 |
---------------+-------------------------------------+-----
Axes           | 4 5 6 7 8 9 11 13 15 16 | 16.7
Fighting       | 4 5 6 8 9 10 11 | 11.4
Armour         | 3 4 5 6 7 8 10 11 12 | 12.0
Dodging        | 3 4 5 6 |  6.0
Shields        | 1 2 3 |  3.9
Unarmed Combat | 1 2 3 |  3.0
Stealth        | 1 2 |  2.1
Evocations     | 1 |  1.6

Action                     |  1- 3 |  4- 6 |  7- 9 | 10-12 || total
---------------------------+-------+-------+-------+-------++-------
  Melee: Hand axe          |    62 |       |       |       ||    62
         Headbutt          |     7 |    15 |    41 |    44 ||   107
         War axe           |     2 |    94 |   159 |    52 ||   307
         Unarmed           |       |       |    21 |       ||    21
         Battleaxe         |       |       |       |   171 ||   171
 Invoke: Berserk           |       |     2 |     2 |     4 ||     8
         Brothers in Arms  |       |       |       |     4 ||     4
  Evoke: Wand              |       |       |     6 |       ||     6
    Use: Scroll            |       |       |    19 |     9 ||    28
 Armour: Scale mail        |    24 |    44 |       |       ||    68
         Chain mail        |       |     6 |    82 |   241 ||   329
         Skin              |       |       |    10 |       ||    10
  Dodge: Dodged            |    27 |    35 |   115 |   156 ||   333
  Block: Buckler           |       |     7 |    33 |    22 ||    62
